 Dungeon Crawl Stone Soup version 0.31-a0-1352-gc98d92de7d (webtiles) character file.

Game seed: 1116992188074860817

39 tilp the Vexing (level 3, -2/26 HPs)
             Began as a Vampire Enchanter on Dec 22, 2023.
             Slain by a gnoll
             ... wielding a +0 club
              (3 damage)
             ... on level 2 of the Dungeon.
             The game lasted 00:02:34 (1162 turns).

tilp the Vexing (Vampire Enchanter)                 Turns: 1162, Time: 00:02:35

Health: -2/26      AC:  3    Str:  7    XL:     3   Next: 26%
Magic:  0/6        EV: 12    Int: 19    God:
Gold:   5          SH:  0    Dex: 14    Spells: 1/6 levels left

rFire   . . .        a - +1 dagger
rCold   . . .        (no shield)
rNeg    . . .        b - +0 robe
rPois   .            (no helmet)
rElec   .            j - +0 cloak
rCorr   .            (no gloves)
SInv    +            (no boots)
Will    .....        (no amulet)
Stlth   +++          (no ring)
HPRegen 0.44/turn    (no ring)
MPRegen 0.10/turn

%: no passive effects
@: healing quickly
A: alive, fangs 3, see invisible, vampiric 2
a: Exsanguinate


You were on level 2 of the Dungeon.
You visited 1 branch of the dungeon, and saw 2 of its levels.

You collected 29 gold pieces.
You spent 24 gold pieces at shops.

Inventory:

Hand Weapons
 a - a +1 dagger (weapon)
Missiles
 d - 38 stones (quivered)
 k - 3 poisoned darts
Armour
 b - a +0 robe (worn)
 j - a +0 cloak (worn)
Jewellery
 g - a ring of positive energy
Scrolls
 e - a scroll of identify
 h - a scroll of enchant armour {unknown}
 i - a scroll of fear {unknown}
Potions
 c - a potion of invisibility
 f - a potion of mutation


   Skills:
 * Level 1.0 Fighting
 * Level 2.0 Short Blades
 + Level 0.5(1.2) Long Blades
 + Level 2.3 Dodging
 + Level 4.5 Stealth
 + Level 2.1 Spellcasting
 * Level 4.8 Hexes
 + Level 0.2 Ice Magic


You had one spell level left.
You knew the following spells:

 Your Spells              Type           Power      Damage    Failure   Level
a - Ensorcelled Hibernat  Hex/Ice        22%        N/A       9%          2
b - Confusing Touch       Hex            20%        N/A       7%          3

Your spell library contained the following spells:

 Spells                   Type           Power      Damage    Failure   Level
 Sting                    Conj/Alch      8%         1d3       17%         1
 Tukima's Dance           Hex            20%        N/A       7%          3
 Dazzling Flash           Conj/Hex       22%        N/A       19%         3
 Mercury Vapours          Alch/Air       4%         N/A       26%         2
 Olgreb's Toxic Radiance  Alch           2%         N/A       86%         4


Dungeon Overview and Level Annotations

Branches:
Dungeon (2/15)

Altars:

Shops:
D:1 ?


Innate Abilities, Weirdness & Mutations

Your natural rate of healing is accelerated.
You have razor-sharp teeth.
You have supernaturally acute eyesight. (SInv)
You are afflicted with vampirism and can become a bat while bloodless.


Message History

The giant cockroach is heavily wounded.
The giant cockroach closely misses you.
You hit the giant cockroach.
You kill the giant cockroach!
The gnoll hits you with a +0 club.
You see here a giant cockroach corpse.
Casting: Ensorcelled Hibernation (safe; 9% risk of failure)
Confirm with . or Enter, or press ? or * to list all spells.
Aiming: Ensorcelled Hibernation (safe; 9% risk of failure)
Press: ? - help, Shift-Dir - straight line, f - gnoll
Aim: a gnoll, wielding a +0 club (chance to affect: 53%)
The gnoll resists with significant effort.
The gnoll hits you with a +0 club.
Unknown command.
Casting: Ensorcelled Hibernation (safe; 9% risk of failure)
Confirm with . or Enter, or press ? or * to list all spells.
Aiming: Ensorcelled Hibernation (safe; 9% risk of failure)
Press: ? - help, Shift-Dir - straight line, f/p - gnoll
Aim: a gnoll, wielding a +0 club (chance to affect: 53%)
The gnoll resists with significant effort.
The gnoll hits you with a +0 club.
Unknown command.
You hit the gnoll but do no damage. The gnoll hits you with a +0 club.
You closely miss the gnoll. You bite the gnoll, but do no damage.
The gnoll barely misses you.
You hit the gnoll. You bite the gnoll, but do no damage.
The gnoll is moderately wounded.
The gnoll hits you with a +0 club.
You hit the gnoll.
The gnoll is moderately wounded.
The gnoll hits you with a +0 club.
* * * LOW HITPOINT WARNING * * *
You barely miss the gnoll. Your bite misses the gnoll.
The gnoll is moderately wounded.
The gnoll hits you with a +0 club!
* * * LOW HITPOINT WARNING * * *
You closely miss the gnoll.
The gnoll is moderately wounded.
The gnoll hits you with a +0 club.
You die...

####.####
#...#
###.# #.#
####g###
#......#
#.##.#.#
#g##.#.#
#@##.. .
#.####.##
#.# .#
#.. #
####


You could see a gnoll.

Vanquished Creatures
  An adder (D:2)
  3 ball pythons (D:1)
  An endoplasm (D:1)
  A giant cockroach (D:2)
  4 goblins (D:1)
  4 hobgoblins (D:1)
  6 jackals (D:1)
  2 quokkas (D:1)
  A bat (D:1)
  2 rats (D:1)
25 creatures vanquished.

Notes
Turn   | Place    | Note
-------+----------+-------------------------------------------
     0 | D:1      | tilp the Vampire Enchanter began the quest for the Orb.
     0 | D:1      | Reached XP level 1. HP: 13/13 MP: 3/3
   218 | D:1      | Reached XP level 2. HP: 10/20 MP: 5/5
   228 | D:1      | Learned a level 2 spell: Ensorcelled Hibernation
   349 | D:1      | Found Ycoleono's Magic Scroll Shoppe.
   391 | D:1      | Bought a scroll of identify for 24 gold pieces
   693 | D:1      | Gained mutation: You are afflicted with vampirism and can
                  | become a bat while bloodless. [Vampire growth]
   693 | D:1      | Reached XP level 3. HP: 25/25 MP: 6/6
   697 | D:1      | Learned a level 3 spell: Confusing Touch
  1138 | D:2      | Reached skill level 1 in Fighting
  1161 | D:2      | HP: 1/26 [gnoll/+0 club (7)]
  1162 | D:2      | Slain by a gnoll

Illustrated notes

Levels and vault maps discovered:
D:1:      minmay_arrival_shattered_statue, layout_basic, serial_shops, shop,
          minivault_4, st_stairs_1, serial_bayou_crossing
D:2:      layout_loops_cross, hellmonk_ecumenical_altar_watching_god

Skill      XL: |  1  2  3 |
---------------+----------+-----
Fighting       | 1 |  1.0
Short Blades   | 2 |  2.0
Long Blades    | |  0.5
Dodging        | |  2.3
Stealth        | |  4.5
Spellcasting   | |  2.1
Hexes          | |  4.8
Ice Magic      | |  0.2

Action                     || total
---------------------------++-------
  Melee: Dagger            ||    85
         Bite              ||     9
  Throw: Stone             ||     1
   Cast: Ensorcelled Hiber ||     9
    Use: Potion            ||     1
         Scroll            ||     1
   Stab: Sleeping          ||     9
         Invisible         ||     2
 Armour: Robe              ||    58
  Dodge: Dodged            ||    63

Table legend: (Time is in decaauts)
 A = Elapsed time spent in this place.
 B = Non-inter-level travel time spent in this place.
 C = Inter-level travel time spent in this place.
 D = Time resting spent in this place.
 E = Time spent auto-exploring this place.
 F = Levels seen in this place.
 G = Mean time per level.
                   A        B        C        D        E       F      G
               +--------+--------+--------+--------+--------+-----+--------+
         Total |   1162 |   1077 |     85 |      5 |    806 |   2 |  581.0 |
       Dungeon |   1162 |   1077 |     85 |      5 |    806 |   2 |  581.0 |
               +--------+--------+--------+--------+--------+-----+--------+

Top non-repeatable levels by time:
     D:1: 1108 daAuts
     D:2: 53 daAuts
